 Dungeon Crawl Stone Soup version 0.19-a0-1861-g35def1e (webtiles) character file.

2048 vev the Covert (level 9, -1/64 HPs)
             Began as an Octopode Wanderer on Oct 12, 2016.
             Was a Follower of Yredelemnul.
             Slain by a jackal (2 damage)
             ... on level 7 of the Dungeon.
             The game lasted 00:24:57 (8479 turns).

vev the Covert (Octopode Wanderer)                  Turns: 8479, Time: 00:24:59

Health: -1/64      AC:  3    Str: 12    XL:     9   Next: 25%
Magic:  10/10      EV: 17    Int: 16    God:    Yredelemnul [*.....]
Gold:   311        SH:  0    Dex: 17    Spells: 1 memorised, 8 levels left

rFire  . . .     SeeInvis .     J - +3 quarterstaff (chaos)
rCold  . . .     Gourm    .     (shield currently unavailable)
rNeg   . . .     Faith    .     u - +2 hat
rPois  .         Spirit   .     s - amulet of rage
rElec  .         Dismiss  .     i - ring of wizardry
rCorr  .         Reflect  .     A - ring of stealth
MR     +....     Harm     .     H - ring of protection from magic
Stlth  ++++++....               (no ring)
                                (no ring)
                                (no ring)
                                (no ring)
                                (no ring)

@: brilliant, repel missiles
A: almost no armour, stealthy swim, amphibious, 8 rings, constrict 8, camouflage
1, mutation resistance 1, gelatinous body 1
a: Animate Remains, Renounce Religion, Evoke Berserk Rage


You were on level 7 of the Dungeon.
You worshipped Yredelemnul.
Yredelemnul was aware of your devotion.
You were near starving.

You visited 2 branches of the dungeon, and saw 8 of its levels.

You collected 311 gold pieces.

Inventory:

Hand Weapons
 a - a +2 mace
 d - a +0 dagger
 o - a +2 whip of venom
 G - the cursed +0 dagger "Tigrya" {pierce, rN+ Str+4, unknown}
   (You found it on level 5 of the Dungeon)

   It inflicts extra damage upon your enemies.
   It affects your strength (+4).
   It protects you from negative energy.
   It has a curse placed upon it.
 J - a +3 quarterstaff of chaos (weapon)
Missiles
 I - a throwing net (quivered)
Armour
 u - a +2 hat (worn)
Jewellery
 i - a ring of wizardry (left tentacle)
 s - an amulet of rage (around mantle)
 A - a ring of stealth (right tentacle)
 H - a ring of protection from magic (on tentacle)
 K - an uncursed ring of fire
Wands
 j - a wand of acid (11/15)
 v - a wand of iceblast (12/15)
 L - a wand of random effects (28/48)
 M - a wand of digging (7/24)
Scrolls
 b - 3 scrolls of teleportation
 g - 3 scrolls of recharging
 k - 5 scrolls of remove curse
 p - 7 scrolls of identify
 r - a scroll of fog
 t - 2 scrolls of random uselessness
 w - a scroll of amnesia
 y - a scroll of fear
 z - 2 scrolls of magic mapping
 F - a scroll of noise {unknown}
Potions
 e - 3 potions of brilliance
 h - a potion of magic {unknown}
 l - 2 potions of lignification {unknown}
 m - 3 potions of mutation
 n - a potion of agility
 q - 2 potions of curing
 x - a potion of cancellation {unknown}
 D - a potion of cure mutation {unknown}
 E - a potion of invisibility {unknown}
Books
 c - the Incunabulum of Augmentations

   Spells                             Type                      Level
   a - Repel Missiles                 Charms/Air                   2
   b - Song of Slaying                Charms                       2
Comestibles
 f - 3 bread rations
 B - 3 beef jerkies
 C - 2 meat rations


   Skills:
 + Level 7.0 Fighting
 - Level 4.0 Maces & Flails
 + Level 6.6 Dodging
 + Level 9.9 Stealth
 - Level 1.0 Spellcasting
   Level 1.0 Summonings
   Level 1.0 Necromancy


You had 8 spell levels left.
You knew the following spells:

 Your Spells              Type           Power        Failure   Level  Hunger
m - Repel Missiles        Chrm/Air       ##....       4%          2    ###....


Dungeon Overview and Level Annotations

Branches:
Dungeon (7/15)             Temple (1/1) D:4

Altars:
Ashenzari
Cheibriados
Dithmenos
Elyvilon
Fedhas
Gozag
Hepliaklqana
Kikubaaqudgha
Makhleb
Okawaru
Qazlal
Ru
Sif Muna
Trog
Uskayaw
Vehumet
Xom
Yredelemnul
Zin
The Shining One

Shops:
D:5 [[   D:6 }

Annotations:
D:4 Amnesiac's ghost, amateur DEAs
D:6 Grinder


Innate Abilities, Weirdness & Mutations

You cannot wear most types of armour.
You are very stealthy in the water. (Stealth+)
You are amphibious.
You can wear up to eight rings at the same time.
You can use your tentacles to constrict eight enemies at once.
Your skin changes colour to match your surroundings (Stealth+).
Your rubbery body absorbs attacks. (AC +1, EV +1)
You are somewhat resistant to further mutation.


Message History

The wyvern is moderately wounded.
The wyvern bites you! x2
* * * LOW HITPOINT WARNING * * *
The wyvern bites you!
* * * LOW HITPOINT WARNING * * *
It was a potion of brilliance.
You feel clever all of a sudden. The wyvern closely misses you.
The jackal completely misses you.
It was a potion of mutation.
You feel extremely strange. The wyvern barely misses you.
The jackal barely misses you. The wyvern misses you.
It was a potion of curing.
You feel better.
The jackal bites you but does no damage.
The wyvern bites you!
* * * LOW HITPOINT WARNING * * *
The jackal bites you.
* * * LOW HITPOINT WARNING * * *
The jackal bites you.
You die...
Your body rises from the dead as a mindless zombie.

#.#.# #.# *....,,,,,* *
#.#.#***#.#
#####...,,,,,,* *
,,*,,,,,#.#
#.....(,,,,,,,*** *
*,*,****#.#
#.....,,,,,,,,*,***
*,*,* #.#
#....#####****,,,,,
*,*,* #.# #......(.#
*,,,,,, *,*,#####.#
**#......# **,,,>,
*,*,#.....# ###l.(...#
**,,,, ,,*.#####.#
#.@hh<...# ****,,**
,,,[...##.#####.#h.....#
*,,,,,*
,,............#.########
*,**,,**
,,............#.#
*,**,,,,
,,##....$.......#
*,,,,,<,
***#..........###
****,,**
***#..###..##.#****
*,,** ,,...#*
#......,,,* **,** ,*###*
##.##.##*** *,**


You could see a wyvern and 3 jackals.

Vanquished Creatures
  A sky beast (D:5)
  3 ogres
  6 centaurs
  A bullfrog (D:5)
  2 scorpions
  2 killer bees (D:7)
  2 vampire bats (D:3)
  3 wights (D:6)
  A howler monkey (D:3)
  A crimson imp (D:6)
  A jelly (D:6)
  A hound (D:6)
  2 orc priests (D:4)
  A centaur skeleton (D:6)
  Crazy Yiuf (D:4)
  3 orc wizards
  2 iguanas
  5 worker ants
  A hound skeleton (D:6)
  A howler monkey skeleton (D:6)
  6 gnolls
  11 adders
  2 dart slugs (D:2)
  A worm (D:2)
  2 leopard geckos
  16 orcs
  5 bats
  5 bat skeletons (D:3)
  A bat zombie (D:3)
  2 giant cockroaches (D:3)
  6 goblins
  6 hobgoblins
  14 jackals
  2 kobolds (D:1)
  2 quokkas (D:5)
  6 frilled lizards
  A leopard gecko skeleton (D:5)
  A quokka skeleton (D:5)
  7 rats
136 creatures vanquished.

Notes
Turn   | Place    | Note
-------+----------+-------------------------------------------
     0 | D:1      | vev the Octopode Wanderer began the quest for the Orb.
     0 | D:1      | vev set off with: a +2 mace, a scroll of teleportation, the Incunabulum of Augmentations, a +0 dagger, a bread ration
     0 | D:1      | Reached XP level 1. HP: 13/13 MP: 2/2
     0 | D:1      | Identified the Incunabulum of Augmentations
   135 | D:1      | Reached skill level 3 in Stealth
   255 | D:1      | Reached XP level 2. HP: 18/18 MP: 3/3
   862 | D:2      | Reached skill level 2 in Fighting
   862 | D:2      | Reached skill level 1 in Dodging
   862 | D:2      | Reached XP level 3. HP: 22/24 MP: 4/4
  1360 | D:2      | Learned a level 2 spell: Repel Missiles
  1670 | D:2      | Reached skill level 4 in Stealth
  1670 | D:2      | Reached XP level 4. HP: 30/30 MP: 5/5
  2194 | D:2      | Reached skill level 2 in Dodging
  2630 | D:3      | Reached skill level 3 in Fighting
  2683 | D:3      | Found a hazy altar of Hepliaklqana.
  2698 | D:3      | Reached XP level 5. HP: 36/36 MP: 6/6
  2877 | D:3      | Found a glowing golden altar of the Shining One.
  3235 | D:3      | Found an ancient bone altar of Kikubaaqudgha.
  3246 | D:3      | Reached skill level 5 in Stealth
  3251 | D:3      | Reached skill level 3 in Dodging
  3251 | D:3      | Reached XP level 6. HP: 37/43 MP: 7/7
  3422 | D:4      | Noticed Amnesiac's ghost (amateur DEAs)
  3598 | D:4      | Reached skill level 4 in Fighting
  3601 | D:4      | Found a staircase to the Ecumenical Temple.
  3617 | Temple   | Entered the Ecumenical Temple
  3757 | Temple   | Became a worshipper of Yredelemnul the Dark
  3833 | D:4      | Reached skill level 6 in Stealth
  4042 | D:4      | Reached XP level 7. HP: 46/48 MP: 8/8
  4308 | D:5      | Entered Level 5 of the Dungeon
  4443 | D:5      | Reached skill level 4 in Dodging
  4795 | D:5      | Reached skill level 7 in Stealth
  4835 | D:5      | Got an ancient dagger
  4869 | D:5      | Found Lyptov's Armour Boutique.
  4900 | D:5      | Found Tyakhuci's Armour Shoppe.
  5004 | D:5      | Reached skill level 5 in Fighting
  5094 | D:5      | Reached XP level 8. HP: 20/55 MP: 9/9
  5503 | D:5      | Found a bloodstained altar of Trog.
  5732 | D:5      | Reached skill level 5 in Dodging
  5843 | D:5      | Reached skill level 8 in Stealth
  6226 | D:6      | Reached skill level 6 in Fighting
  6518 | D:6      | Reached * piety under Yredelemnul
  6925 | D:4      | Found a runed door.
  6929 | D:4      | Noticed Crazy Yiuf
  6936 | D:4      | Killed Crazy Yiuf
  6936 | D:4      | Reached skill level 9 in Stealth
  7124 | D:4      | Reached skill level 6 in Dodging
  7343 | D:5      | Gained mutation: You are somewhat resistant to further mutation. [mutagenic meat]
  7653 | D:6      | Reached XP level 9. HP: 45/63 MP: 10/10
  8271 | D:6      | Found Gumeomod's Gadget Shop.
  8271 | D:6      | Noticed Grinder
  8438 | D:7      | Reached skill level 7 in Fighting
  8476 | D:7      | HP: 6/64 [wyvern (10)]
  8479 | D:7      | HP: 2/64 [wyvern (13)]
  8479 | D:7      | Slain by a jackal

Vault maps used:
D:1:      matt_arrival_diagonals
D:3:      nicolae_overflow_hidden_temple, kennysheep_vampire_church,
          nicolae_overflow_crystal_walls
D:4:      uniq_crazy_yiuf_cottage
D:5:      bloody_trog, first_bread, serial_shops, kennysheep_little_box,
          shop_fountains
D:6:      serial_shops, shop, uniq_grinder
D:7:      serial_shops, kennysheep_mini, enter_bailey_3, uniq_prince_ribbit1,
          uniq_menkaure
Temple:   eino_temple_scatter_basement

Skill      XL: |  1  2  3  4  5  6  7  8  9 |
---------------+----------------------------+-----
Stealth        | 3 4 5 6 7 9 |  9.9
Fighting       | 2 3 4 5 6 7 |  7.0
Dodging        | 1 2 3 4 6 |  6.6
Maces & Flails | |  4.0
Spellcasting   | |  1.0
Summonings     | |  1.0
Necromancy     | |  1.0

Action                   |  1- 3 |  4- 6 |  7- 9 || total
-------------------------+-------+-------+-------++-------
Melee: Mace              |    37 |    94 |   192 ||   323
       Tentacles         |     6 |    19 |    49 ||    74
       Constrict         |     6 |    27 |    42 ||    75
       Quarterstaff      |       |       |    15 ||    15
 Cast: Repel Missiles    |     1 |       |     2 ||     3
Evoke: Wand              |       |       |     1 ||     1
  Use: Scroll            |       |       |    10 ||    10
       Potion            |       |       |     3 ||     3
 Stab: Sleeping          |     9 |    14 |    13 ||    36
       Distracted        |     2 |       |     2 ||     4
  Eat: Chunk             |     2 |     7 |    14 ||    23
Armor: Skin              |       |     7 |     5 ||    12
Dodge: Dodged            |    16 |    62 |   186 ||   264
       Deflected         |       |       |     3 ||     3
